[Event "FRA-ch Youth U20W 2019"]
[Site "Hyeres"]
[Date "2019.04.14"]
[Round "1.1"]
[White "Aubert, Laurane"]
[Black "Budak, Lori"]
[Result "0-1"]
[ECO "B23"]
[WhiteElo "1953"]
[BlackElo "1679"]
[Annotator "NA"]
[PlyCount "148"]
[EventDate "2019.04.14"]
[EventType "swiss"]
[EventCountry "FRA"]
[SourceTitle "playchess.com"]
[Source "ChessBase"]
[SourceQuality "1"]
[TimeControl "5400+30"]

1. e4 c5 2. Nc3 g6 3. f4 Bg7 4. Nf3 e6 5. Bc4 Nc6 6. O-O Nge7 7. f5 gxf5 8. d3 a6 9. a4 h5 10. Qe1 Qc7 11. Bg5 f6 12. Bd2 f4 13. Nh4 Bh6 14. Qf2 e5 15. Qxc5 Bg5 16. Qf2 Nd4 17. Rac1 d6 18. Kh1 Be6 19. Nd5 Bxd5 20. exd5 Kf7 21. c3 Ndf5 22. Nf3 Rag8 23. Bb3 h4 24. d4 Ng3+ 25. Kg1 Nxf1 26. Kxf1 e4 27. Nxg5+ fxg5 28. Re1 Re8 29. Rxe4 Nf5 30. Re6 Re7 31. Qf3 Rxe6 32. dxe6+ Ke7 33. Qg4 Kf6 34. d5 Qb6 35. Bc2 Ne7 36. b3 Qc5 37. c4 Qd4 38. Qe2 Qa1+ 39. Qe1 Qxe1+ 40. Bxe1 Ng6 41. Bc3+ Ne5 42. Kf2 g4 43. Bd1 Rg8 44. g3 fxg3+ 45. hxg3 h3 46. Kg1 Rg5 47. b4 Kf5 48. Bc2+ Kf6 49. Bd1 Ke7 50. Bxe5 Rxe5 51. Bxg4 Re4 52. Bxh3 Rxc4 53. b5 axb5 54. axb5 Rc5 55. Bg2 Rxb5 56. Kf2 Rb2+ 57. Kg1 b5 58. Be4 b4 59. Kf1 Rd2 60. Ke1 Rd4 61. Bc2 Rxd5 62. Ke2 Re5+ 63. Kd3 Rc5 64. g4 Kxe6 65. Bb3+ Ke5 66. Bd1 Rc3+ 67. Kd2 Kd4 68. Bc2 Rg3 69. Bd1 Rg2+ 70. Kc1 Kc3 71. Bf3 Rg1+ 72. Bd1 b3 73. g5 b2+ 74. Kb1 Rxd1+ 0-1

[Event "FRA-ch Youth U20W 2019"]
[Site "Hyeres"]
[Date "2019.04.14"]
[Round "1.2"]
[White "Sonet, Sandy"]
[Black "Fretel, Liza"]
[Result "1-0"]
[ECO "A57"]
[WhiteElo "1616"]
[BlackElo "1892"]
[Annotator "NA"]
[PlyCount "76"]
[EventDate "2019.04.14"]
[EventType "swiss"]
[EventCountry "FRA"]
[SourceTitle "playchess.com"]
[Source "ChessBase"]
[SourceQuality "1"]
[TimeControl "5400+30"]

1. d4 Nf6 2. c4 c5 3. d5 b5 4. cxb5 a6 5. b6 e6 6. Nc3 Nxd5 7. Nxd5 exd5 8. Qxd5 Nc6 9. Nf3 Bb7 10. Bf4 Qxb6 11. Ne5 Nxe5 12. Qxe5+ Qe6 13. Qc3 Be7 14. e3 Bf6 15. Qc2 O-O 16. Bd3 g6 17. O-O Rac8 18. Rad1 c4 19. Be2 Be4 20. Qa4 Bxb2 21. Rd6 Qe7 22. Bxc4 Bc6 23. Qd1 a5 24. Qg4 Be5 25. Bxe5 Qxe5 26. Rfd1 Be4 27. Bb3 Bf5 28. Qe2 Rfe8 29. R6d5 Qc3 30. Qf3 Be4 31. Qf4 Bxd5 32. Bxd5 Rf8 33. h4 Qc2 34. Qg4 h5 35. Qf3 Qf5 36. Qxf5 gxf5 37. Bb3 Rc7 38. Rd5 Ra8 1-0

[Event "FRA-ch Youth U20W 2019"]
[Site "Hyeres"]
[Date "2019.04.14"]
[Round "1.3"]
[White "Bellahcene, Anissa"]
[Black "Ranguin, Anna"]
[Result "0-1"]
[ECO "B22"]
[WhiteElo "1816"]
[BlackElo "1539"]
[Annotator "NA"]
[PlyCount "134"]
[EventDate "2019.04.14"]
[EventType "swiss"]
[EventCountry "FRA"]
[SourceTitle "playchess.com"]
[Source "ChessBase"]
[SourceQuality "1"]
[TimeControl "5400+30"]

1. e4 c5 2. c3 d5 3. exd5 Qxd5 4. Na3 a6 5. Nf3 Bg4 6. Bc4 Qe4+ 7. Qe2 Bxf3 8. gxf3 Qxe2+ 9. Kxe2 e6 10. d3 Nf6 11. Rg1 Nc6 12. Bb3 b5 13. Be3 g6 14. c4 Nd4+ 15. Bxd4 cxd4 16. cxb5 Bxa3 17. bxa3 axb5 18. Rg5 Rxa3 19. Rxb5 O-O 20. Rc1 Ra7 21. Rbc5 Nh5 22. Rc7 Nf4+ 23. Kd2 Ra5 24. R1c5 Rxc5 25. Rxc5 Ra8 26. a4 Kf8 27. a5 Ra7 28. Bc4 Ke7 29. a6 Kd6 30. Rc8 Nd5 31. Rb8 Nc7 32. Kc2 Kc6 33. Rc8 Kd7 34. Rh8 h5 35. Rb8 Nxa6 36. Bb5+ Ke7 37. Re8+ Kd6 38. Rd8+ Ke5 39. f4+ Kxf4 40. Rxd4+ Kf3 41. Ra4 Rc7+ 42. Kd2 Nc5 43. Ke1 Nb3 44. Bc4 Nd4 45. Bd5+ exd5 46. Rxd4 Rc1+ 47. Kd2 Rc5 48. Rb4 f5 49. Rb6 g5 50. Rg6 g4 51. Rg5 f4 52. Rxh5 Kxf2 53. Rf5 Kf3 54. d4 Ra5 55. Rh5 g3 56. hxg3 fxg3 57. Rf5+ Kg2 58. Ke3 Kh1 59. Rh5+ Kg1 60. Kf3 g2 61. Rg5 Ra3+ 62. Ke2 Ra2+ 63. Ke3 Kf1 64. Rf5+ Ke1 65. Rg5 Ra3+ 66. Kf4 Kf2 67. Ke5 Rg3 0-1

[Event "FRA-ch Youth U20W 2019"]
[Site "Hyeres"]
[Date "2019.04.14"]
[Round "1.4"]
[White "Fromherz, Audrey"]
[Black "Pigeat, Typhaine"]
[Result "0-1"]
[ECO "B28"]
[WhiteElo "1531"]
[BlackElo "1742"]
[Annotator "NA"]
[PlyCount "76"]
[EventDate "2019.04.14"]
[EventType "swiss"]
[EventCountry "FRA"]
[SourceTitle "playchess.com"]
[Source "ChessBase"]
[SourceQuality "1"]
[TimeControl "5400+30"]

1. e4 c5 2. Nf3 Nc6 3. d4 cxd4 4. Nxd4 a6 5. c4 d6 6. Nc3 g6 7. Be2 Rb8 8. Be3 Bg7 9. Rb1 Nf6 10. f3 Be6 11. Qd2 Qc8 12. Nd5 Nd7 13. f4 Nc5 14. Nxe6 fxe6 15. Nc3 O-O 16. Bf3 Qc7 17. b4 Nd7 18. O-O Nd8 19. Be2 b6 20. Rbd1 Qb7 21. e5 Nf7 22. Bg4 Nd8 23. Nb1 Rc8 24. Na3 Nb8 25. exd6 exd6 26. Qxd6 Rc6 27. Qd3 Qe7 28. Bf3 Rc7 29. Bxb6 Rd7 30. Qb3 Rxd1 31. Rxd1 Nd7 32. Be3 e5 33. c5+ Kh8 34. Qc4 exf4 35. Bxf4 Qf6 36. Rxd7 Ne6 37. Bd6 Qa1+ 38. Qf1 Bd4+ 0-1

[Event "FRA-ch Youth U20W 2019"]
[Site "Hyeres"]
[Date "2019.04.14"]
[Round "1.5"]
[White "Aouachria, Marwa"]
[Black "Anastasie, Laure"]
[Result "1-0"]
[ECO "C68"]
[WhiteElo "1738"]
[BlackElo "1445"]
[Annotator "NA"]
[PlyCount "85"]
[EventDate "2019.04.14"]
[EventType "swiss"]
[EventCountry "FRA"]
[SourceTitle "playchess.com"]
[Source "ChessBase"]
[SourceQuality "1"]
[TimeControl "5400+30"]

1. e4 e5 2. Nf3 Nc6 3. Bb5 a6 4. Bxc6 bxc6 5. d3 d6 6. h3 g6 7. c3 h6 8. d4 exd4 9. Qxd4 Nf6 10. e5 c5 11. Qe3 Nd5 12. Qe4 Be6 13. exd6 cxd6 14. O-O Nc7 15. Rd1 Qd7 16. Bf4 O-O-O 17. Na3 Qe7 18. Qc6 Qd7 19. Qe4 Qe7 20. Re1 g5 21. Bd2 Qd7 22. b4 Bg7 23. bxc5 dxc5 24. Nc4 Bxc4 25. Qxc4 Qd5 26. Qa4 Rhe8 27. Rab1 Rxe1+ 28. Rxe1 Qd6 29. c4 Bf6 30. Ba5 Bd4 31. Rb1 Bxf2+ 32. Kxf2 Rd7 33. Rb6 Qe7 34. Rc6 f6 35. Bxc7 Rxc7 36. Qxa6+ Kd7 37. Rxc7+ Kxc7 38. Qa7+ Kd6 39. Qxe7+ Kxe7 40. Ke3 Kd6 41. g4 Kc6 42. Ke4 Kb6 43. Kd5 1-0

[Event "FRA-ch Youth U20W 2019"]
[Site "Hyeres"]
[Date "2019.04.14"]
[Round "1.6"]
[White "Azan, Sarah"]
[Black "Milroy, Melena"]
[Result "0-1"]
[ECO "C24"]
[WhiteElo "1349"]
[BlackElo "1720"]
[Annotator "NA"]
[PlyCount "60"]
[EventDate "2019.04.14"]
[EventType "swiss"]
[EventCountry "FRA"]
[SourceTitle "playchess.com"]
[Source "ChessBase"]
[SourceQuality "1"]
[TimeControl "5400+30"]

1. e4 d5 2. exd5 Nf6 3. Bc4 Nxd5 4. d3 Nc6 5. Nf3 e5 6. Bd2 Bg4 7. h3 Be6 8. Bxd5 Qxd5 9. Nc3 Qd7 10. Qe2 f6 11. O-O-O O-O-O 12. Nh2 Nb4 13. Kb1 Nd5 14. Rhg1 Bb4 15. Nxd5 Bxd2 16. Qxd2 Qxd5 17. b3 Rd6 18. Qc3 Rhd8 19. Nf3 Rc6 20. Qb2 Qc5 21. Rd2 e4 22. d4 Qa5 23. b4 Bxa2+ 24. Kc1 Qa4 25. Nh4 Rd5 26. g4 a5 27. Nf5 Kd7 28. bxa5 Rb5 29. Qa1 Qa3+ 30. Kd1 Rb1+ 0-1

[Event "FRA-ch Youth U20W 2019"]
[Site "Hyeres"]
[Date "2019.04.15"]
[Round "2.1"]
[White "Pigeat, Typhaine"]
[Black "Sonet, Sandy"]
[Result "1-0"]
[ECO "B03"]
[WhiteElo "1742"]
[BlackElo "1616"]
[Annotator "NA RC"]
[PlyCount "63"]
[EventDate "2019.04.14"]
[EventType "swiss"]
[EventCountry "FRA"]
[SourceTitle "playchess.com"]
[Source "ChessBase"]
[SourceQuality "1"]
[TimeControl "5400+30"]

1. e4 Nf6 2. e5 Nd5 3. c4 Nb6 4. d4 d6 5. exd6 cxd6 6. Nc3 g6 7. Be3 Bg7 8. Qc2 O-O 9. Rd1 f5 10. g3 Be6 11. c5 dxc5 12. dxc5 N6d7 13. Bg2 Nc6 14. Nf3 f4 15. gxf4 Qe8 16. Ng5 Bf7 17. Nxf7 Rxf7 18. Qb3 Nf6 19. Qxb7 Rc8 20. Qb3 Kh8 21. Nd5 Ng4 22. O-O Nxe3 23. fxe3 e6 24. Nc3 Ne7 25. Qxe6 Rf6 26. Qb3 Rxc5 27. Ne4 Rb6 28. Qa3 Rc2 29. b3 Bb2 30. Qxa7 Re6 31. Qd7 Qf7 32. Ng5 1-0

[Event "FRA-ch Youth U20W 2019"]
[Site "Hyeres"]
[Date "2019.04.15"]
[Round "2.2"]
[White "Budak, Lori"]
[Black "Aouachria, Marwa"]
[Result "0-1"]
[ECO "B24"]
[WhiteElo "1679"]
[BlackElo "1738"]
[Annotator "NA RC"]
[PlyCount "143"]
[EventDate "2019.04.14"]
[EventType "swiss"]
[EventCountry "FRA"]
[SourceTitle "playchess.com"]
[Source "ChessBase"]
[SourceQuality "1"]
[TimeControl "5400+30"]

1. e4 c5 2. Nc3 e6 3. g3 Nc6 4. Bg2 Nge7 5. f4 g6 6. Nf3 Bg7 7. O-O a6 8. d3 d5 9. Ne2 O-O 10. c3 dxe4 11. dxe4 Qc7 12. Qc2 b6 13. Be3 Bb7 14. Rad1 Rfd8 15. g4 Rxd1 16. Rxd1 Rd8 17. Ng3 Na5 18. Bc1 Rd7 19. h4 b5 20. Rxd7 Qxd7 21. Be3 c4 22. Bc5 Nac6 23. Kf2 Bf8 24. Bd4 Nxd4 25. Nxd4 Nc6 26. Nge2 Bc5 27. Qd2 e5 28. fxe5 Qxg4 29. Qg5 Qxg5 30. hxg5 Nxe5 31. Kg3 Be7 32. Kf4 Nd3+ 33. Ke3 Bxg5+ 34. Kf3 Ne1+ 35. Kg4 Nxg2 36. Kxg5 Bxe4 37. Ng3 Bb7 38. Kf6 h5 39. Nf1 Ne1 40. Ke7 h4 41. Kd6 Nd3 42. b3 Kg7 43. Kc7 Bg2 44. Nh2 Nc1 45. bxc4 bxc4 46. a4 Na2 47. Ne2 g5 48. Kb6 f5 49. Kxa6 f4 50. Nd4 Nxc3 51. a5 Nd5 52. Kb5 c3 53. Kc5 Kf6 54. Ng4+ Ke7 55. a6 Nc7 56. a7 Kd7 57. Ne5+ Kc8 58. Kb6 Na8+ 59. Ka6 Bf1+ 60. Ka5 Kb7 61. Kb4 h3 62. Ng4 Bg2 63. Kxc3 f3 64. Ne6 Nb6 65. Nxg5 Nd5+ 66. Kd4 Nf6 67. Nh2 f2 68. Kd3 Ng4 69. Nxg4 f1=Q+ 70. Ke3 Qc1+ 71. Kf2 Qxg5 72. Nh2 0-1

[Event "FRA-ch Youth U20W 2019"]
[Site "Hyeres"]
[Date "2019.04.15"]
[Round "2.3"]
[White "Milroy, Melena"]
[Black "Guigue, Marie-Celine"]
[Result "1-0"]
[ECO "C56"]
[WhiteElo "1720"]
[BlackElo "1338"]
[Annotator "NA RC"]
[PlyCount "85"]
[EventDate "2019.04.14"]
[EventType "swiss"]
[EventCountry "FRA"]
[SourceTitle "playchess.com"]
[Source "ChessBase"]
[SourceQuality "1"]
[TimeControl "5400+30"]

1. e4 e5 2. Bc4 Nf6 3. d4 exd4 4. Nf3 Nc6 5. e5 Ng4 6. Bxf7+ Kxf7 7. Ng5+ Kg8 8. Qxg4 d6 9. Qf3 Qe7 10. Qd5+ Be6 11. Qxe6+ Qxe6 12. Nxe6 Rc8 13. Nxf8 Rxf8 14. exd6 cxd6 15. O-O g6 16. b3 h5 17. Bb2 Rh7 18. Nd2 Nb4 19. Rfc1 Rc7 20. Bxd4 Rxc2 21. Nf3 Rfc8 22. Rxc2 Rxc2 23. a3 Nc6 24. Be3 Rc3 25. b4 a6 26. g3 Rd3 27. Kg2 Kf7 28. Kh3 Kf6 29. Ne1 Rd5 30. Nc2 Rd3 31. Re1 Rd5 32. Bc1 Kf7 33. f4 Ne7 34. Ne3 Rd3 35. Rd1 Rxd1 36. Nxd1 Ke6 37. Ne3 Nf5 38. Nxf5 Kxf5 39. Kh4 b5 40. Bb2 d5 41. Ba1 Ke6 42. Kg5 Kf7 43. Bd4 1-0

[Event "FRA-ch Youth U20W 2019"]
[Site "Hyeres"]
[Date "2019.04.15"]
[Round "2.4"]
[White "Ranguin, Anna"]
[Black "Aubert, Laurane"]
[Result "0-1"]
[ECO "D30"]
[WhiteElo "1539"]
[BlackElo "1953"]
[Annotator "NA RC"]
[PlyCount "92"]
[EventDate "2019.04.14"]
[EventType "swiss"]
[EventCountry "FRA"]
[SourceTitle "playchess.com"]
[Source "ChessBase"]
[SourceQuality "1"]
[TimeControl "5400+30"]

1. d4 d5 2. c4 e6 3. Nf3 Nf6 4. Bg5 Bb4+ 5. Nbd2 h6 (5... dxc4 6. e4 Bxd2+ 7. Nxd2 Qxd4 8. Qc2 Nc6 9. Bxc4 h6 10. Be3 Qd6 11. Bb5 Bd7 12. O-O-O Nb4 13. Bxd7+ Nxd7 {½-½ (56) Mamedyarov,S (2817)-Harikrishna,P (2729) Kolkata 2018}) 6. Bf4 {[%emt 0:01:55] D30: Queen's Gambit Declined: Systems without Nc3} c5 $146 ({Predecessor:} 6... O-O 7. e3 c5 8. dxc5 Bxc5 9. Bd3 Nc6 10. O-O Qe7 11. a3 a5 12. Qc2 {0-1 (31) Kariakina,M-Titova,A Cherepovets 2001}) 7. dxc5 Bxc5 8. e3 Nc6 9. a3 a5 10. Nb3 Bd6 11. Bxd6 Qxd6 12. cxd5 exd5 13. h3 O-O 14. Bd3 Ne5 15. Nxe5 Qxe5 16. Nd4 Ne4 17. Rc1 Bd7 18. O-O Rac8 19. Qe2 Qg5 20. Kh1 Qh4 21. Nf3 Qh5 22. Bb5 $2 (22. Kg1 $14 {stays ahead.}) 22... Bxb5 23. Qxb5 Rxc1 24. Rxc1 Nxf2+ 25. Kg1 $2 {[%emt 0:01:19] [#]} (25. Kh2 $17 {was the only chance.}) 25... Nxh3+ $1 26. Kf1 Ng5 27. Qxd5 $2 (27. Kf2) 27... Qh1+ 28. Ng1 {[%emt 0:00:13] [#]} Nh3 $1 {[%emt 0:01:07] Pin} 29. Ke2 Nxg1+ 30. Kd2 Qh4 31. Qxb7 Qf2+ 32. Kd3 Rd8+ 33. Kc4 Qxe3 34. Rc3 Qe6+ 35. Kb5 Ne2 36. Rc7 Qe8+ 37. Kc4 Qa4+ 38. Kc5 Qd4+ 39. Kc6 Rd6+ 40. Kb5 Qxb2+ 41. Kc4 Qc3+ 42. Kb5 Qb3+ 43. Kxa5 Qxa3+ 44. Kb5 Qb3+ 45. Kc5 Qxb7 $19 (45... Qd3 $142 46. Kb4 Rd4+ 47. Ka5 Qa3+ 48. Kb6 Rb4+ 49. Kc6 Nd4+ 50. Kd7 Qa4+ 51. Kd6 Rxb7 52. Rxb7 Qc6+ 53. Ke5 Ne2 54. Rb6 f6+ 55. Kf5 Qd5+ 56. Kg4 Qxg2+ 57. Kh4 Qg5+ 58. Kh3 Qg3#) 46. Rxb7 Rg6 0-1

[Event "FRA-ch Youth U20W 2019"]
[Site "Hyeres"]
[Date "2019.04.15"]
[Round "2.5"]
[White "Fretel, Liza"]
[Black "Fromherz, Audrey"]
[Result "1-0"]
[ECO "B26"]
[WhiteElo "1892"]
[BlackElo "1531"]
[Annotator "NA RC"]
[PlyCount "97"]
[EventDate "2019.04.14"]
[EventType "swiss"]
[EventCountry "FRA"]
[SourceTitle "playchess.com"]
[Source "ChessBase"]
[SourceQuality "1"]
[TimeControl "5400+30"]

1. e4 c5 2. Nc3 Nc6 3. g3 g6 4. Bg2 Bg7 5. d3 e6 6. Be3 d6 7. Nge2 Nge7 8. Qd2 Nd4 9. Nd1 O-O 10. Nc1 {[%emt 0:00:17] B26: Closed Sicilian: 3 g3, lines with early Be3} f5 $146 ({Predecessor:} 10... Ndc6 11. Bh6 Re8 12. h4 Bh8 13. h5 Qc7 14. c3 b6 15. hxg6 fxg6 16. Qg5 e5 {0-1 (43) Gevorgyan,M (2228)-Tsatsalashvili,K (2303) St Petersburg 2018}) 11. c3 Ndc6 12. h4 Ne5 13. Qe2 Ng4 14. Bg5 h6 15. Bxe7 Qxe7 16. exf5 gxf5 17. Ne3 Qf7 18. Nxg4 fxg4 19. O-O e5 20. Nb3 Rb8 21. Na5 d5 22. c4 Be6 23. cxd5 Bxd5 24. Qxg4 Bxg2 25. Kxg2 Qd5+ 26. Qe4 Qxe4+ ({Better is} 26... Rfd8) 27. dxe4 b6 28. Nc4 Rbd8 29. f3 Rd4 30. Ne3 Rd2+ 31. Rf2 Rfd8 32. Nd5 Rd3 33. h5 Kf7 34. Rc1 Rc8 35. Rfc2 Rd4 36. b4 c4 37. b5 Bf8 (37... Bf6 $142 38. Rc3 Ke6) 38. Ne3 Ba3 39. Nxc4 Bxc1 40. Nxe5+ Ke6 41. Rxc8 Rd2+ 42. Kh3 Ba3 43. Re8+ Kf6 44. Ng4+ Kg7 45. Re6 Rd3 46. Rg6+ Kf8 47. Rf6+ Kg7 48. Rf7+ Kh8 49. Nf6 1-0

[Event "FRA-ch Youth U20W 2019"]
[Site "Hyeres"]
[Date "2019.04.15"]
[Round "2.6"]
[White "Anastasie, Laure"]
[Black "Bellahcene, Anissa"]
[Result "0-1"]
[ECO "C55"]
[WhiteElo "1445"]
[BlackElo "1816"]
[Annotator "NA RC"]
[PlyCount "121"]
[EventDate "2019.04.14"]
[EventType "swiss"]
[EventCountry "FRA"]
[SourceTitle "playchess.com"]
[Source "ChessBase"]
[SourceQuality "1"]
[TimeControl "5400+30"]

1. e4 e5 2. Nf3 Nc6 3. Bc4 Be7 4. O-O d6 5. c3 {[%emt 0:04:49] LiveBook: 43 Games} Nf6 6. Re1 {[%emt 0:05:41] [#]} Bg4 {[%emt 0:00:39] C55: Two Knights: 4 d3, 4 d4 exd4 5 e5 and Max Lange Attack} (6... Nxe4 $1 $11 7. Rxe4 d5 8. Nxe5 Nxe5 9. Bb5+ (9. Rxe5 dxc4 10. Na3 Be6 $11) 9... Nd7) (6... Nb8) 7. h3 Bh5 8. Bb5 O-O 9. Bxc6 bxc6 10. d4 exd4 11. cxd4 d5 12. Nbd2 $146 ({Predecessor:} 12. g4 Bg6 13. exd5 {1-0 (39) Nemergut,P (2041)-Rahl,V (2081) Slovakia 2015}) 12... Bb4 13. Qb3 (13. e5 $11 {remains equal.} Ne4 14. Nxe4 Bxe1 15. Ng3 Bxf3 16. Qxe1) 13... Rb8 14. Qc2 $2 (14. Qe3 $17) 14... Nxe4 $2 (14... Bxf3 $1 $19 15. gxf3 Nh5) 15. Rxe4 $2 (15. a3 $15 Bxd2 16. Nxd2) 15... dxe4 16. Nxe4 (16. Ne5 {is the only way for White.}) 16... Bxf3 (16... Re8 $142 17. a3 Bg6 18. axb4 Bxe4) 17. gxf3 $2 (17. Ng5 $17 Be4 18. Qxe4) 17... Qxd4 18. Be3 Qd5 19. a3 Be7 20. Rd1 (20. Bxa7 $142 Rb7 21. Bc5 Bxc5 22. Nxc5) 20... Qe6 21. Ng5 $2 (21. Kh2) 21... Bxg5 22. Bxg5 Rb5 23. h4 Rd5 24. Rc1 h6 25. Be3 (25. Bf4 $142) 25... Rh5 (25... Qh3 $142 26. Qe2 Re8) 26. Qa4 Qh3 27. Qg4 Qxh4 ({Don't take} 27... Rxh4 28. Qxh3 Rxh3 29. Kg2 $19) 28. Qxh4 Rxh4 29. Rxc6 Rc8 30. Bxa7 Rf4 31. Kg2 Kf8 32. Kg3 Rf5 33. Rc4 c5 34. b4 Ke8 35. Bxc5 Kd7 (35... Ra8 $17 36. b5 Rc8 37. Re4+ Kd7 38. Rd4+ Ke6 39. Re4+ Re5) 36. Rg4 g6 37. Rd4+ Kc7 38. Rc4 Kb7 ({Black should try} 38... Ra8 $17 39. Rc3 h5 40. Be3+ Kd7) 39. Rd4 Ra8 40. Rd3 Kc6 41. Be3 h5 42. Bc1 Kb5 43. Rc3 Ra6 44. f4 Rc6 45. a4+ Kb6 46. Be3+ Kb7 47. Rxc6 Kxc6 48. Bc5 $2 (48. Kh3) 48... Rxc5 49. bxc5 Kxc5 50. Kh4 f5 51. Kg3 Kb4 52. a5 Kxa5 53. Kh3 Kb4 54. Kg3 Kc4 55. Kg2 Kd4 56. Kh3 Ke4 57. Kg3 h4+ 58. Kh3 Kxf4 59. Kxh4 Kf3 60. Kg5 Kxf2 61. Kf4 0-1

[Event "FRA-ch Youth U20W 2019"]
[Site "Hyeres"]
[Date "2019.04.15"]
[Round "3.1"]
[White "Aouachria, Marwa"]
[Black "Pigeat, Typhaine"]
[Result "1-0"]
[ECO "B28"]
[WhiteElo "1738"]
[BlackElo "1742"]
[Annotator "NA"]
[PlyCount "95"]
[EventDate "2019.04.14"]
[EventType "swiss"]
[EventCountry "FRA"]
[SourceTitle "playchess.com"]
[Source "ChessBase"]
[SourceQuality "1"]
[TimeControl "5400+30"]

1. e4 c5 2. Nf3 Nc6 3. d4 cxd4 4. Nxd4 a6 5. c4 Qb6 6. Nb3 d6 7. Be3 Qc7 8. Nc3 Be6 9. Nd5 Bxd5 10. cxd5 Ne5 11. Rc1 Qd7 12. Qc2 Nf6 13. Be2 h5 14. O-O Qd8 15. f3 g6 16. Qc7 b5 17. Bb6 Qxc7 18. Rxc7 Ned7 19. Bd4 Bh6 20. f4 Kd8 21. Rc6 Rg8 22. Bd3 g5 23. Na5 gxf4 24. Rfc1 e5 25. dxe6 fxe6 26. Rxd6 f3 27. Rcc6 Rxg2+ 28. Kf1 Ng4 29. Nb7+ Ke8 30. Rxe6+ Kf8 31. Rxh6 Nxh6 32. Rxh6 Ke7 33. Nc5 Nxc5 34. Bxc5+ Kd7 35. e5 Re8 36. Bf5+ Kc7 37. Bd6+ Kb6 38. b4 Reg8 39. Bc5+ Kc7 40. Rh7+ R2g7 41. Rxh5 Re8 42. Bd6+ Kc6 43. Be4+ Kd7 44. Bxf3 Rc8 45. Bc5 Rf7 46. Ke2 Rd8 47. Rh6 Re8 48. Bc6+ 1-0

[Event "FRA-ch Youth U20W 2019"]
[Site "Hyeres"]
[Date "2019.04.15"]
[Round "3.2"]
[White "Bellahcene, Anissa"]
[Black "Milroy, Melena"]
[Result "0-1"]
[ECO "B01"]
[WhiteElo "1816"]
[BlackElo "1720"]
[Annotator "NA"]
[PlyCount "95"]
[EventDate "2019.04.14"]
[EventType "swiss"]
[EventCountry "FRA"]
[SourceTitle "playchess.com"]
[Source "ChessBase"]
[SourceQuality "1"]
[TimeControl "5400+30"]

1. e4 d5 2. exd5 Nf6 3. Bb5+ Nbd7 4. Nf3 a6 5. Be2 Nxd5 6. d4 e6 7. O-O c5 8. c4 N5f6 9. Nc3 cxd4 10. Nxd4 Qc7 11. Re1 Bd6 12. h3 O-O 13. b3 Bb4 14. Bd2 Qe5 15. Nf3 Qd6 16. Qc2 Ba5 17. Rad1 Qc7 18. Ne4 Bxd2 19. Rxd2 Nxe4 20. Qxe4 Nf6 21. Qe3 b6 22. Ne5 Bb7 23. Bf3 Bxf3 24. Nxf3 Rfd8 25. Red1 a5 26. Nd4 Qc5 27. Qf3 Qf8 28. Nb5 Rxd2 29. Rxd2 Rd8 30. Qe3 Rxd2 31. Qxd2 h6 32. Qd4 Qb8 33. a3 e5 34. Qd3 Qb7 35. Qd8+ Kh7 36. Nd6 Qa7 37. Nc8 Qd7 38. Qxd7 Nxd7 39. Kf1 Kg6 40. Ne7+ Kf6 41. Nd5+ Ke6 42. Ke2 e4 43. Ke3 Ke5 44. b4 f5 45. g3 g5 46. b5 h5 47. h4 gxh4 48. gxh4 0-1

[Event "FRA-ch Youth U20W 2019"]
[Site "Hyeres"]
[Date "2019.04.15"]
[Round "3.3"]
[White "Aubert, Laurane"]
[Black "Azan, Sarah"]
[Result "1-0"]
[ECO "B18"]
[WhiteElo "1953"]
[BlackElo "1349"]
[Annotator "NA"]
[PlyCount "67"]
[EventDate "2019.04.14"]
[EventType "swiss"]
[EventCountry "FRA"]
[SourceTitle "playchess.com"]
[Source "ChessBase"]
[SourceQuality "1"]
[TimeControl "5400+30"]

1. e4 c6 2. d4 d5 3. Nc3 dxe4 4. Nxe4 Bf5 5. Ng3 Bg6 6. Nh3 e6 7. Nf4 Bd6 8. h4 Bxf4 9. Bxf4 h6 10. h5 Bh7 11. c3 Nd7 12. Bc4 Ngf6 13. O-O O-O 14. Re1 Re8 15. Qd2 Nb6 16. Bb3 Nbd5 17. Be5 b5 18. Qe2 $11 Rc8 19. Qf3 c5 20. dxc5 Rxc5 21. Bd4 Rc7 22. Rad1 Rd7 23. a4 a6 24. axb5 axb5 25. Be5 Qe7 26. Qe2 Qc5 27. Bd4 Qc6 28. Qf3 Qc7 29. Ra1 Qd8 30. Qe2 Rb7 31. Rad1 Qd7 32. Bxf6 gxf6 33. Bxd5 exd5 34. Qxe8+ 1-0

[Event "FRA-ch Youth U20W 2019"]
[Site "Hyeres"]
[Date "2019.04.15"]
[Round "3.4"]
[White "Guigue, Marie-Celine"]
[Black "Fretel, Liza"]
[Result "0-1"]
[ECO "A57"]
[WhiteElo "1338"]
[BlackElo "1892"]
[Annotator "NA RC"]
[PlyCount "54"]
[EventDate "2019.04.14"]
[EventType "swiss"]
[EventCountry "FRA"]
[SourceTitle "playchess.com"]
[Source "ChessBase"]
[SourceQuality "1"]
[TimeControl "5400+30"]

1. d4 Nf6 2. c4 c5 3. d5 b5 4. cxb5 a6 5. b6 e6 6. Nc3 exd5 7. Nxd5 Nxd5 8. Qxd5 Nc6 9. Nf3 Rb8 10. e4 Be7 11. Bc4 O-O 12. O-O Rxb6 13. Ng5 {[%emt 0:00:48] A57: Benko/Volga Gambit} (13. Bd2 d6 14. b3 Be6 15. Qd3 Nb4 16. Qe2 Bxc4 17. Qxc4 d5 18. exd5 Qxd5 19. Qxd5 Nxd5 20. Ne5 Re6 21. Rae1 {1-0 (52) Michalik,P (2546)-Hertneck,G (2496) Germany 2018}) 13... Qe8 14. Qf5 g6 15. Qh3 h5 $146 ({Predecessor:} 15... Bxg5 16. Bxg5 Qxe4 17. Qh6 Qf5 18. Rae1 Ne5 19. Re3 Ng4 20. Qh4 Nxe3 21. fxe3 {1-0 (35) Myc,M (2312)-Ziolkowski,D (2183) Chojnice 2008}) 16. Qe3 Nd4 17. Qd2 Bxg5 18. Qxg5 Qxe4 19. Qxc5 Rc6 20. Qd5 Ne2+ $19 21. Kh1 Qxc4 22. Qxc4 Rxc4 23. Be3 Bb7 24. Rfd1 Bc6 25. Rd6 Nf4 26. Bxf4 Rxf4 27. Re1 Rxf2 0-1

[Event "FRA-ch Youth U20W 2019"]
[Site "Hyeres"]
[Date "2019.04.15"]
[Round "3.5"]
[White "Sonet, Sandy"]
[Black "Ranguin, Anna"]
[Result "1-0"]
[ECO "D11"]
[WhiteElo "1616"]
[BlackElo "1539"]
[Annotator "NA"]
[PlyCount "101"]
[EventDate "2019.04.14"]
[EventType "swiss"]
[EventCountry "FRA"]
[SourceTitle "playchess.com"]
[Source "ChessBase"]
[SourceQuality "1"]
[TimeControl "5400+30"]

1. d4 d5 2. c4 c6 3. Nf3 Nf6 4. Qc2 g6 5. e3 Bf5 6. Qb3 Qc7 7. cxd5 cxd5 8. Nc3 e6 9. Bd2 Nbd7 10. Rc1 Qb6 11. Nb5 Rb8 12. Qa4 Bd6 13. Ba5 Qa6 14. Nc7+ Bxc7 15. Bxa6 Bxa5+ 16. Qxa5 bxa6 17. Qxa6 O-O 18. O-O Rxb2 19. Rc8 Rxc8 20. Qxc8+ Kg7 21. Qa6 Nb6 22. Qxa7 Nc4 23. Ng5 Nd6 24. a4 h6 25. Nf3 Ra2 26. a5 Bd3 27. Rc1 Nfe4 28. Ne5 Bb5 29. f3 Nd2 30. Qc5 Nb3 31. Qxd6 Nxc1 32. h4 Nd3 33. Qe7 Nxe5 34. dxe5 Bc4 35. Qf6+ Kg8 36. h5 gxh5 37. Qxh6 Bd3 38. Qxh5 Rxa5 39. Qg5+ Kh7 40. Qh4+ Kg7 41. Qf6+ Kh7 42. Qxf7+ Kh8 43. Qxe6 Ra1+ 44. Kf2 Bc4 45. Qf6+ Kg8 46. e6 Ra6 47. Qf7+ Kh8 48. e7 Bb5 49. e8=Q+ Bxe8 50. Qxe8+ Kg7 51. Qd7+ 1-0

[Event "FRA-ch Youth U20W 2019"]
[Site "Hyeres"]
[Date "2019.04.15"]
[Round "3.6"]
[White "Fromherz, Audrey"]
[Black "Budak, Lori"]
[Result "0-1"]
[ECO "B38"]
[WhiteElo "1531"]
[BlackElo "1679"]
[Annotator "NA"]
[PlyCount "65"]
[EventDate "2019.04.14"]
[EventType "swiss"]
[EventCountry "FRA"]
[SourceTitle "playchess.com"]
[Source "ChessBase"]
[SourceQuality "1"]
[TimeControl "5400+30"]

1. e4 c5 2. Nf3 g6 3. d4 cxd4 4. Nxd4 Bg7 5. c4 Nc6 6. Be3 Nf6 7. Nc3 O-O 8. Be2 d6 9. f3 Be6 10. Qd2 a6 11. h4 Nh5 12. g4 Ng3 13. Rh3 Nxe2 14. Ncxe2 Bxc4 15. h5 Bxe2 16. Nxe2 Qa5 17. hxg6 Qxd2+ 18. Kxd2 hxg6 19. f4 Na5 20. Bd4 Nc4+ 21. Kc3 Rac8 22. Bxg7 Kxg7 23. Rah1 Ne3+ 24. Kd4 Nxg4 25. Rb3 b5 26. Nc3 Rc4+ 27. Kd3 Nf2+ 28. Ke2 Nxh1 29. Nd5 Rh8 30. Re3 Rh2+ 31. Kd1 Nf2+ 32. Kd2 Nxe4+ 33. Ke1 0-1